 Dungeon Crawl Stone Soup version 0.22-a0-456-g11ed031617 (webtiles) character file.

55 Ireaine the Poker (level 3, -13/30 HPs)
             Began as a Merfolk Berserker on June 7, 2018.
             Was a Follower of Trog.
             Mangled by a goblin
             ... wielding a +2 dagger of electrocution
              (19 damage)
             ... on level 2 of the Dungeon.
             The game lasted 00:04:09 (1108 turns).

Ireaine the Poker (Merfolk Berserker)               Turns: 1108, Time: 00:04:12

Health: -13/30     AC:  6    Str: 17    XL:     3   Next: 93%
Magic:  3/3        EV: 11    Int:  6    God:    Trog [*.....]
Gold:   22         SH:  0    Dex: 14    Spells: 2/2 levels left

rFire    . . .     SeeInvis .   a - +0 spear
rCold    . . .     Gourm    .   (no shield)
rNeg     + . .     Faith    .   g - +0 scale mail {rN+}
rPois    .         Spirit   .   (no helmet)
rElec    .         Reflect  .   (no cloak)
rCorr    .         Harm     .   (no gloves)
MR       .....                  (no boots)
Stlth    ..........             (no amulet)
HPRegen  0.10/turn              (no ring)
MPRegen  0.08/turn              (no ring)

@: lethally poisoned (-13 -> -28)
A: change form in water, swift swim, stealthy swim
a: Berserk, Renounce Religion


You were on level 2 of the Dungeon.
You worshipped Trog.
Trog was aware of your devotion.
You were not hungry.

You visited 1 branch of the dungeon, and saw 2 of its levels.

You collected 22 gold pieces.

Inventory:

Hand Weapons
 a - a +0 spear (weapon)
Armour
 g - a +0 scale mail of positive energy (worn)
Potions
 b - 2 potions of cancellation
 f - a potion of lignification {unknown}
Comestibles
 c - 2 rations


   Skills:
 + Level 3.7 Fighting
 * Level 5.5 Polearms
 + Level 1.8 Armour
 + Level 3.4 Dodging


You had 2 spell levels left.
You didn't know any spells.
Your spell library was empty.

Dungeon Overview and Level Annotations

Branches:
Dungeon (2/15)

Altars:


Message History

You are too injured to fight recklessly!
You closely miss the adder.
The adder is heavily wounded.
You feel sick. The adder bites you.
* * * LOW HITPOINT WARNING * * *
You are lethally poisoned!
The adder poisons you! The goblin completely misses you.
Your scale mail prevents you from hitting the adder.
The adder is heavily wounded.
The adder bites you.
* * * LOW HITPOINT WARNING * * *
You are more poisoned.
The adder poisons you! The goblin hits you but does no damage.
You hit the adder but do no damage.
The adder is heavily wounded.
* * * LOW HITPOINT WARNING * * *
You feel sick. The adder bites you but does no damage.
The goblin hits you but does no damage.
You are electrocuted!
Ouch! That really hurt!
You die...

. . .............
.#. #.##..#...#.#
#.. #.##........# #
#.# #.........###
#.##.####.###.#####
#.........# #.#
####.###### #.###
#.### #...# #@..#
###.#### #gS♣..#
#.##.. ........#
#.##.# #....<...#
#.##.# #........#
#.##.## #..♣...♣##
#...... ##.....#
####.## ##....# #.#
#.##


You could see an adder and a goblin.

Vanquished Creatures
  Terence (D:2)
  An adder (D:2)
  2 oozes
  3 giant cockroaches
  3 goblins (D:1)
  3 hobgoblins
  2 bats (D:1)
  A frilled lizard (D:1)
16 creatures vanquished.

Notes
Turn   | Place    | Note
-------+----------+-------------------------------------------
     0 | D:1      | Ireaine the Merfolk Berserker began the quest for the Orb.
     0 | D:1      | Reached XP level 1. HP: 18/18 MP: 1/1
    70 | D:1      | Reached XP level 2. HP: 24/24 MP: 2/2
   659 | D:2      | Noticed Terence
   672 | D:2      | Killed Terence
   672 | D:2      | Reached skill level 5 in Polearms
   672 | D:2      | Reached XP level 3. HP: 17/30 MP: 3/3
  1108 | D:2      | Mangled by a goblin

Vault maps used:
D:1:      dpeg_arrival_orchard
D:2:      first_ration, grunt_ministairs_1, uniq_natasha, uniq_terence

Skill      XL: |  1  2 |
---------------+-------+-----
Dodging        | 3 |  3.4
Polearms       | 5 |  5.5
Fighting       | |  3.7
Armour         | |  1.8

Action                   || total
-------------------------++-------
Melee: Spear             ||    76
Invok: Berserk           ||     1
  Use: Scroll            ||     3
 Stab: Sleeping          ||     1
  Eat: Ration            ||     1
Armor: Animal skin       ||     6
       Scale mail        ||     8
Dodge: Dodged            ||    37

Table legend:
 A = Spawn XP
 B = Non-spawn XP
 C = Spawn XP percentage of total XP
 D = Spawn monster count
 E = Non-spawn monster count
 F = Spawn count percentage of total count
 G = Total turns spent on level
                    A         B        C        D         E        F      G
               +---------+---------+-------+---------+---------+-------+---------
         Total |       0 |      79 |   0.0 |       0 |      16 |   0.0 |  1108
               +---------+---------+-------+---------+---------+-------+---------
           D:1 |       0 |      21 |   0.0 |       0 |      10 |   0.0 |   659
           D:2 |       0 |      58 |   0.0 |       0 |       6 |   0.0 |   449
               +---------+---------+-------+---------+---------+-------+---------
